 Dungeon Crawl Stone Soup version 0.31-a0-204-g7da18cac08 (webtiles) character file.

Game seed: 7712449032415228579

151 lunkers the Chiller (level 5, -2/41 HPs)
             Began as a Meteoran Wanderer on June 28, 2023.
             Killed by nerve-wracking pain
             ... invoked by a shadow imp
              (14 damage)
             ... on level 4 of the Dungeon.
             The game lasted 00:07:19 (1742 turns).

lunkers the Chiller (Meteoran Wanderer)             Turns: 1742, Time: 00:07:20

Health: -2/41      AC:  2    Str: 11    XL:     5   Next: 91%
Magic:  10/10      EV: 11    Int: 20    God:
Gold:   150        SH:  0    Dex: 17    Spells: 2/10 levels left

rFire   . . .        a - +3 dagger (drain)
rCold   . . .        (no shield)
rNeg    . . .        c - +0 robe
rPois   .            (no helmet)
rElec   .            (no cloak)
rCorr   .            (no gloves)
SInv    .            (no boots)
Will    .....        (no amulet)
Stlth   +            p - +6 ring of dexterity
HPRegen 0.26/turn    (no ring)
MPRegen 0.12/turn

%: no passive effects
@: glowing
A: sense surroundings 1, otherworldly, glowing, explore regen
a: no special abilities


You were on level 4 of the Dungeon.
You visited 1 branch of the dungeon, and saw 4 of its levels.

You collected 150 gold pieces.

Inventory:

Hand Weapons
 a - a +3 dagger of draining (weapon)
 b - the +7 sling "Vuikk" {speed, rN+++ Will+ rCorr Int-5}
   (You found it on level 2 of the Dungeon)

   Int:       It affects your intelligence (-5).
   rN:        It renders you almost immune to negative energy.
   rCorr:     It protects you from acid and corrosion.
   Will:      It increases your willpower.
Armour
 c - a +0 robe (worn)
Magical Staves
 j - a staff of death
 t - a staff of fire
Jewellery
 k - an amulet of guardian spirit
 p - a +6 ring of dexterity (left hand)
Wands
 s - a wand of quicksilver (3)
Scrolls
 d - a scroll of fog
 f - a scroll of blinking
 g - a scroll of revelation
 l - a scroll of enchant armour {unknown}
Potions
 e - a potion of mutation {unknown}
 h - a potion of attraction
 i - 2 potions of curing
 m - 2 potions of cancellation
 n - a potion of might {unknown}
 o - a potion of degeneration {unknown}
 u - a potion of berserk rage


   Skills:
 - Level 2.1 Fighting
 - Level 1.0 Stealth
 + Level 3.3 Spellcasting
 * Level 3.6 Summonings
 * Level 5.9 Ice Magic


You had 2 spell levels left.
You knew the following spells:

 Your Spells              Type           Power      Damage    Failure   Level
a - Freeze                Ice            100%       1d10      1%          1
b - Summon Ice Beast      Ice/Summ       22%        N/A       19%         4
c - Summon Guardian Gole  Hex/Summ       10%        N/A       19%         3

Your spell library contained the following spells:

 Spells                   Type           Power      Damage    Failure   Level
 Summon Small Mammal      Summ           72%        N/A       3%          1
 Ozocubu's Armour         Ice            27%        N/A       3%          3
 Hailstorm                Conj/Ice       15%        3d5       12%         3
 Ozocubu's Refrigeration  Ice            13%        4d10      100%        7


Dungeon Overview and Level Annotations

Branches:
Dungeon (4/15) Zot: 653
 Temple: D:4-7

Altars:
Gozag
Uskayaw
Yredelemnul

Shops:
D:1 (   D:4 ?


Innate Abilities, Weirdness & Mutations

You passively map a small area around you.
You are easily found by Zot.
You glow in the dark.
You regain HP and MP as you explore.


Message History

Casting: Freeze (safe; 1% risk of failure)
Confirm with . or Enter, or press ? or * to list all spells.
You freeze the kobold.
You kill the kobold!
You feel sick.
No target in view!
No target in view!
You feel sick.
You feel sick.
Things that are here:
a +0 dagger; 8 poisoned darts You feel sick.
You feel sick.
You feel sick.
You are no longer poisoned.
A shadow imp comes into view.
The shadow imp shouts!
The shadow imp hits you.
You barely miss the shadow imp. The shadow imp hits you.
You barely miss the shadow imp. The shadow imp hits you.
You hit the shadow imp.
The shadow imp is heavily wounded.
The shadow imp hits you.
You closely miss the shadow imp.
The shadow imp is heavily wounded.
The shadow imp hits you.
You hit the shadow imp but do no damage.
The shadow imp is heavily wounded.
The shadow imp hits you.
* * * LOW HITPOINT WARNING * * *
You hit the shadow imp.
The shadow imp is severely wounded.
The shadow imp gestures at you. Pain shoots through your body!
* * * LOW HITPOINT WARNING * * *
You hit the shadow imp.
The shadow imp is almost dead.
The shadow imp gestures at you. Pain shoots through your body!
You die...

####* ######.. . *
#......# #. *,
#......#####. * #,
#.........##. #.
#......##.##. #.#
#.....)##....
#5#######.##.).....
#@.......#####....
* #.######### *
##.#. , ...* #...
*#.##.* , , ###. #
.. ,, , ##... *,
..* * ,,, , #....
... #..#. * , ... *
#..## * , * #.##.


You could see a shadow imp.

Vanquished Creatures
  4 gnolls (D:4)
  An adder (D:4)
  A shadow imp (D:4)
  An ufetubus (D:4)
  3 worms
  2 dart slugs (D:1)
  5 orcs (D:3)
  5 ball pythons
  5 bats
  3 endoplasms
  2 giant cockroaches
  11 goblins
  9 hobgoblins
  4 jackals (D:1)
  A quokka (D:4)
  3 frilled lizards
  5 kobolds
  6 rats
71 creatures vanquished.

Notes
Turn   | Place    | Note
-------+----------+-------------------------------------------
     0 | D:1      | lunkers the Meteoran Wanderer began the quest for the Orb.
     0 | D:1      | lunkers set off with the following items: a +0 club, a
                  | potion of berserk rage, a +0 robe, a scroll of fog; and the
                  | following spells available to memorise: Freeze, Summon
                  | Small Mammal, Hailstorm, Summon Guardian Golem, Summon Ice
                  | Beast.
     0 | D:1      | Reached XP level 1. HP: 17/17 MP: 3/3
     2 | D:1      | Learned a level 1 spell: Freeze
    34 | D:1      | Reached XP level 2. HP: 15/24 MP: 1/5
   141 | D:1      | Found Figgoikh's Antique Weapon Shop.
   145 | D:1      | Reached XP level 3. HP: 28/29 MP: 3/7
   147 | D:1      | Reached skill level 5 in Ice Magic
   532 | D:2      | Found a faded altar of an unknown god.
   612 | D:2      | Reached XP level 4. HP: 36/36 MP: 8/8
   822 | D:2      | Learned a level 4 spell: Summon Ice Beast
   826 | D:2      | Learned a level 3 spell: Summon Guardian Golem
   853 | D:2      | Identified the +7 sling "Vuikk" {speed, rN+++ Will+ rCorr
                  | Int-5}
  1409 | D:4      | Found Utoss's Magic Scroll Shoppe.
  1469 | D:4      | Reached XP level 5. HP: 41/41 MP: 4/10
  1642 | D:4      | Found a hide-covered altar of Uskayaw.
  1697 | D:4      | Found a basalt altar of Yredelemnul.
  1697 | D:4      | Found an opulent altar of Gozag.
  1742 | D:4      | Killed from afar by a shadow imp

Illustrated notes

Levels and vault maps discovered:
D:1:      erik_arrival_blinker_ship, layout_rooms, serial_shops,
          nicolae_square_shop
D:2:      layout_basic, shapermc_ecumenical_altar_starsandcircs
D:3:      layout_basic, ebering_ghost_rock_garden, uniq_grinder
D:4:      layout_loops_cross, gammafunk_temple_overflow_forgotten,
          nicolae_stop_n_shop_1

Skill      XL: |  1  2  3  4 |
---------------+-------------+-----
Spellcasting   | 2 3 |  3.3
Ice Magic      | 5 |  5.9
Summonings     | 3 |  3.6
Fighting       | |  2.1
Stealth        | |  1.0

Action                     |  1- 3 |  4- 6 || total
---------------------------+-------+-------++-------
  Melee: Club              |    19 |       ||    19
         Dagger            |       |    73 ||    73
         Punch             |       |     1 ||     1
   Fire: Sling             |       |     2 ||     2
   Cast: Freeze            |    38 |    56 ||    94
    Use: Scroll            |       |     9 ||     9
 Armour: Robe              |     9 |    15 ||    24
  Dodge: Dodged            |    29 |    31 ||    60

Table legend: (Time is in decaauts)
 A = Elapsed time spent in this place.
 B = Non-inter-level travel time spent in this place.
 C = Inter-level travel time spent in this place.
 D = Time resting spent in this place.
 E = Time spent auto-exploring this place.
 F = Levels seen in this place.
 G = Mean time per level.
                   A        B        C        D        E       F      G
               +--------+--------+--------+--------+--------+-----+--------+
         Total |   1745 |   1670 |     75 |      0 |   1135 |   4 |  436.2 |
       Dungeon |   1745 |   1670 |     75 |      0 |   1135 |   4 |  436.2 |
               +--------+--------+--------+--------+--------+-----+--------+

Top non-repeatable levels by time:
     D:2: 622 daAuts
     D:1: 477 daAuts
     D:4: 332 daAuts
     D:3: 313 daAuts
